 Dungeon Crawl Stone Soup version 0.20.1-1-g8b1a95d (console) character file.

829 hilaritas the Magician (level 8, -1/78 HPs)
             Began as a Human Wanderer on July 29, 2017.
             Was an Initiate of Vehumet.
             Slain by a centaur (3 damage)
             ... on level 5 of the Dungeon.
             The game lasted 00:23:28 (5717 turns).

hilaritas the Magician (Human Wanderer)             Turns: 5717, Time: 00:23:29

Health: -1/78      AC:  7    Str: 15    XL:     8   Next: 18%
Magic:  1/16       EV: 10    Int: 16    God:    Vehumet [......]
Gold:   227        SH:  5    Dex: 14    Spells: 5/18 levels left

rFire    . . .     SeeInvis .   e - +1 dagger
rCold    . . .     Gourm    .   g - +0 buckler
rNeg     . . .     Faith    .   j - +1 troll leather armour {Purgy}
rPois    .         Spirit   .   i - +0 helmet
rElec    .         Reflect  .   x - +0 cloak
rCorr    .         Harm     .   (no gloves)
MR       .....                  (no boots)
Stlth    ..........             (no amulet)
Regen    0.7/turn               (no ring)
MPRegen  0.2/turn               (no ring)

@: berserking, very quick
A: no striking features
a: Renounce Religion


You were on level 5 of the Dungeon.
You worshipped Vehumet.
Vehumet was noncommittal.
You were not hungry.

You visited 2 branches of the dungeon, and saw 6 of its levels.
You also visited: Sewer.

You collected 227 gold pieces.

Inventory:

Hand Weapons
 e - a +1 dagger (weapon)
Armour
 g - a +0 buckler (worn)
 i - a +0 helmet (worn)
 j - a +1 troll leather armour (worn) {Purgy}
 x - a +0 cloak (worn)
Wands
 c - a wand of random effects (40/48)
 n - a wand of flame (33/48)
Scrolls
 h - 3 scrolls of teleportation
 k - a scroll of fog
 l - 2 scrolls of enchant weapon
 t - a scroll of fear
 u - 2 scrolls of identify
 v - a scroll of remove curse
Potions
 o - a potion of mutation {unknown}
 s - a potion of berserk rage
 w - 2 potions of lignification
 z - 2 potions of haste {unknown}
Books
 a - a book of Frost

   Spells                             Type                      Level
   a - Freeze                         Ice                          1
   b - Throw Frost                    Conjuration/Ice              2
   c - Ozocubu's Armour               Charms/Ice                   3
   d - Throw Icicle                   Conjuration/Ice              4
   e - Summon Ice Beast               Ice/Summoning                4
 b - the Disquisition on Shape Shifting

   Spells                             Type                      Level
   a - Passwall                       Transmutation/Earth          2
   b - Sticks to Snakes               Transmutation                2
 d - a book of Minor Magic

   Spells                             Type                      Level
   a - Magic Dart                     Conjuration                  1
   b - Blink                          Translocation                2
   c - Call Imp                       Summoning                    2
   d - Slow                           Hexes                        2
   e - Conjure Flame                  Conjuration/Fire             3
   f - Mephitic Cloud                 Conjuration/Poison/Air       3
Comestibles
 f - 6 bread rations
 m - a royal jelly
 p - 2 fruits
 r - 3 chunks of flesh
 A - a meat ration


   Skills:
 - Level 1.0 Throwing
 * Level 1.2 Armour
 * Level 4.5 Shields
 * Level 5.5 Spellcasting
 * Level 3.9 Conjurations
   Level 1.0 Fire Magic
 - Level 5.4 Ice Magic
 - Level 1.0 Evocations


You had 5 spell levels left.
You knew the following spells:

 Your Spells              Type           Power        Failure   Level  Hunger
a - Freeze                Ice            ###.         1%          1    None
b - Throw Frost           Conj/Ice       ###...       4%          2    #......
c - Ozocubu's Armour      Chrm/Ice       ##......     17%         3    ###....
d - Throw Icicle          Conj/Ice       ###.....     26%         4    ####...
e - Magic Dart            Conj           ###.         3%          1    None
f - Blink                 Tloc           N/A          26%         2    #......


Dungeon Overview and Level Annotations

Branches:
Dungeon (5/15)             Temple (1/1) D:4

Altars:
Ashenzari
Vehumet


Message History

A red film seems to cover your vision as you go berserk!
You feel yourself moving faster!
You feel mighty!
The centaur shoots an arrow.
You block the arrow.
The centaur shoots an arrow.
The arrow hits you but does no damage.
You puncture the centaur!
The centaur is heavily wounded.
The centaur unwields an uncursed shortbow.
The centaur hits you but does no damage.
You barely miss the centaur.
The centaur is heavily wounded.
You barely miss the centaur.
The centaur is heavily wounded.
You feel less wooden.
Your +0 cloak unmelds from your body.
Your +0 helmet unmelds from your body.
Your +1 troll leather armour {Purgy} unmelds from your body.
The centaur barely misses you.
You closely miss the centaur.
The centaur is heavily wounded.
You block the centaur's attack. The centaur hits you.
You die...

## ## .. .# .... .#.##
.... ######### Zc###.
#........ #c##...
#.####### #@##..# #.# #
#.##..# #.# # #..#..# #.#
# ##.#..# #.# #
#.#..####.# # ########
#.........# #
#......####.#.###### #
#......##...#.############
#.........................


You could see 2 centaurs and a bullfrog skeleton.

Vanquished Creatures
  Purgy (Sewer)
  A centaur (D:5)
  A howler monkey (D:4)
  A vampire bat (D:3)
  A jelly (D:5)
  2 crimson imps (D:5)
  Crazy Yiuf (D:3)
  A centaur skeleton (D:4)
  An iguana (D:4)
  Terence (D:2)
  2 worker ants
  10 adders
  3 gnolls (D:2)
  2 river rats (D:4)
  3 worms
  3 fire bats (D:3)
  5 leopard geckos
  An orc (D:4)
  2 spectral bats (D:3)
  3 bat skeletons (D:3)
  7 giant cockroaches
  12 goblins
  11 hobgoblins
  2 jackals (D:1)
  7 kobolds
  2 quokkas (D:2)
  5 ball pythons
  15 bats
  A bat simulacrum (D:3)
  10 frilled lizards
  5 rats
  A fungus (D:3)
123 creatures vanquished.

Vanquished Creatures (others)
  A bat zombie (D:3)
1 creature vanquished.

Grand Total: 124 creatures vanquished

Notes
Turn   | Place    | Note
-------+----------+-------------------------------------------
     0 | D:1      | hilaritas the Human Wanderer began the quest for the Orb.
     0 | D:1      | hilaritas set off with: a book of Frost, the Disquisition on Shape Shifting, a wand of random effects (15/48), a +0 robe, a +0 dagger, a bread ration
     0 | D:1      | Reached XP level 1. HP: 13/13 MP: 6/6
     0 | D:1      | Identified the Disquisition on Shape Shifting
     2 | D:1      | Learned a level 1 spell: Freeze
   198 | D:1      | Reached XP level 2. HP: 17/19 MP: 5/8
   207 | D:1      | Learned a level 2 spell: Throw Frost
   487 | D:1      | Reached skill level 1 in Conjurations
   487 | D:1      | Reached XP level 3. HP: 21/24 MP: 2/9
   898 | D:1      | Learned a level 3 spell: Ozocubu's Armour
  1222 | D:2      | Reached XP level 4. HP: 16/30 MP: 4/11
  1604 | D:2      | Learned a level 4 spell: Throw Icicle
  1894 | D:2      | Reached XP level 5. HP: 24/35 MP: 7/12
  2198 | D:2      | Noticed Terence
  2207 | D:2      | Killed Terence
  3040 | D:3      | Reached skill level 1 in Shields
  3151 | D:3      | Reached skill level 5 in Ice Magic
  3217 | D:3      | Reached XP level 6. HP: 41/41 MP: 9/13
  3946 | D:3      | Found a runed door.
  3950 | D:3      | Noticed Crazy Yiuf
  3954 | D:3      | Killed Crazy Yiuf
  4251 | D:4      | Reached XP level 7. HP: 16/46 MP: 2/14
  4268 | D:4      | HP: 1/46 [centaur skeleton (4)]
  4337 | D:4      | Found a glowing drain.
  4369 | Sewer    | Entered a sewer
  4617 | Sewer    | Noticed Purgy
  4629 | Sewer    | Killed Purgy
  5108 | D:4      | Found a shattered altar of Ashenzari.
  5149 | D:4      | Found a staircase to the Ecumenical Temple.
  5214 | Temple   | Entered the Ecumenical Temple
  5220 | Temple   | Became a worshipper of Vehumet
  5261 | D:5      | Entered Level 5 of the Dungeon
  5315 | D:5      | Reached skill level 1 in Armour
  5394 | D:5      | Learned a level 1 spell: Magic Dart
  5397 | D:5      | Learned a level 2 spell: Blink
  5427 | D:5      | Reached XP level 8. HP: 52/52 MP: 12/15
  5712 | D:5      | HP: 1/78 [centaur/arrow (5)]
  5717 | D:5      | Slain by a centaur

Skill      XL: |  1  2  3  4  5  6  7 |
---------------+----------------------+-----
Ice Magic      | 3 4 5 |  5.4
Conjurations   | 1 3 |  3.9
Shields        | 1 2 4 |  4.5
Armour         | 1 |  1.2
Throwing       | |  1.0
Spellcasting   | |  5.5
Fire Magic     | |  1.0
Evocations     | |  1.0

Action                   |  1- 3 |  4- 6 |  7- 9 || total
-------------------------+-------+-------+-------++-------
Melee: Dagger            |     7 |    51 |    39 ||    97
 Cast: Freeze            |    46 |   120 |    58 ||   224
       Throw Frost       |     1 |     7 |       ||     8
       Throw Icicle      |       |     1 |       ||     1
       Ozocubu's Armour  |       |       |     1 ||     1
       Magic Dart        |       |       |    29 ||    29
  Use: Scroll            |       |     4 |     7 ||    11
       Potion            |       |       |     7 ||     7
  Eat: Chunk             |     1 |     7 |     5 ||    13
       Royal jelly       |       |     1 |       ||     1
Armor: Robe              |     5 |    51 |    18 ||    74
       Troll leather arm |       |       |     6 ||     6
       Skin              |       |       |    18 ||    18
Dodge: Dodged            |    25 |    93 |    60 ||   178
Block: Buckler           |     1 |    44 |    29 ||    74
